 Dungeon Sprint DCSS version 0.20-b1-24-gb21faa7 (webtiles) character file.

13204 potatolord6000 the Blocker (level 11, -2/111 HPs)
             Began as a Demigod Fighter on May 25, 2017.
             Killed by divine providence
             ... invoked by a smoke demon
             ... summoned by an orc sorcerer
              (10 damage)
             ... in the Dungeon (Sprint IX: "|||||||||||||||||||||||||||||").
             The game lasted 00:07:23 (1642 turns).

potatolord6000 the Blocker (Demigod Fighter)        Turns: 1642, Time: 00:07:24

Health: -2/111     AC: 25    Str: 25    XL:     11   Next: 44%
Magic:  14/14      EV:  7    Int: 19    God:
Gold:   912        SH: 16    Dex: 15    Spells: 10/10 levels left

rFire    . . .     SeeInvis .   n - +2 scimitar "Qumoag" {vamp, Int+4}
rCold    . . .     Gourm    .   c - +2 shield
rNeg     . . .     Faith    .   o - +0 plate armour
rPois    .         Spirit   .   a - +0 helmet
rElec    .         Reflect  .   f - +0 cloak
rCorr    .         Harm     .   h - +1 pair of gloves
MR       +....     Clarity  +   (no boots) Stlth ..........NoTele +
                                (no amulet)
Regen    0.3/turn               b - +3 ring of intelligence
MPRegen  0.2/turn               p - +2 ring of protection

@: berserk cooldown, slowed, very slow
A: rugged brown scales 1, clarity, high mp 1
a: no special abilities


You were in the Dungeon.
You were very full.

You visited 1 branch You collected 912 gold pieces.

Inventory:

Hand Weapons
 n - the +2 scimitar "Qumoag" (weapon) {vamp, Int+4}
   (You found it in the Dungeon)

   It inflicts no extra harm, but heals its wielder when it wounds a living foe.
   It affects your intelligence (+4).
Armour
 a - a +0 helmet (worn)
 c - a +2 shield (worn)
 f - a +0 cloak (worn)
 h - a +1 pair of gloves (worn)
 o - a +0 plate armour (worn)
Jewellery
 b - a +3 ring of intelligence (left hand)
 p - a +2 ring of protection (right hand)
Scrolls
 k - 2 scrolls of blinking
 l - 4 scrolls of remove curse
 m - 2 scrolls of amnesia
Potions
 d - 2 potions of brilliance
 i - 4 potions of magic
Comestibles
 r - 40 fruits
 s - 12 bread rations
 t - 10 meat rations


   Skills:
 + Level 13.7 Fighting
 + Level 13.6 Long Blades
 + Level 13.7 Armour
 + Level 13.8 Shields


You had 10 spell levels left.
You didn't know any spells.

Dungeon Overview and Level Annotations

Branches:
Dungeon (1/1)

Shops:
D :%

Annotations:
D Sonja


Innate Abilities, Weirdness & Mutations

You have an increased reservoir of magic. (+10% MP)
You are partially covered in rugged brown scales. (AC +1, +3% HP)
You possess an exceptional clarity of mind.


Message History

You completely miss the orc high priest.
The smoke demon gestures at you. Something smites you!
* * * LOW HITPOINT WARNING * * *
You block the orc high priest's attack.
Unknown command.
You hit the orc high priest.
You feel better.
The orc high priest is lightly wounded.
The orc high priest hits you with a trident.
* * * LOW HITPOINT WARNING * * *
Unknown command.
Unknown command.
You slash the orc high priest!
The orc high priest is lightly wounded.
The orc high priest hits you but does no damage.
You hit the orc high priest.
The orc high priest is lightly wounded.
The smoke demon gestures at you. Something smites you!
You die...

▓▓▓▓▓▓▓▓▓▓▓▓▓▓▓▓▓▓▓▓▓▓▓▓
..))$$)))......)@o4o3o3∩
▓▓▓▓▓▓▓▓▓▓▓▓▓▓▓▓▓▓▓▓▓▓▓▓▓▓▓▓▓▓▓▓▓
.....(((((..(...)................
▓▓▓▓▓▓▓▓▓▓▓▓▓▓▓▓▓▓▓▓▓▓▓▓▓▓▓▓▓▓▓▓▓
....†††..†......'..........).'..[
▓▓▓▓▓▓▓▓▓▓▓▓▓▓▓▓▓▓▓▓▓▓▓▓▓▓▓▓▓▓▓▓▓
.................................
▓▓▓▓▓▓▓▓▓▓▓▓▓▓▓▓▓▓▓▓▓▓▓▓▓▓▓▓▓▓▓▓▓
___________.____'../)..[..((†)..(


You could see an orc high priest, a rust devil, 2 smoke demons, an orc sorcerer
and an orc.

Vanquished Creatures
  2 dire elephants (D)
  Josephine (D)
  2 orc high priests (D)
  2 orc knights (D)
  A manticore (D)
  A cyclops (D)
  An orc sorcerer (D)
  6 elephants (D)
  Psyche (D)
  2 rime drakes (D)
  A blink frog (D)
  A shadow (D)
  A hippogriff (D)
  A yak (D)
  4 wraiths (D)
  7 water moccasins (D)
  2 porcupines (D)
  13 orc warriors (D)
  An ogre (D)
  2 centaurs (D)
  A crocodile (D)
  A big kobold (D)
  2 bullfrogs (D)
  A hound (D)
  6 orc priests (D)
  5 orc wizards (D)
  2 worker ants (D)
  An adder (D)
  A leopard gecko (D)
  3 orcs (D)
  A bat skeleton (D)
  2 giant cockroaches (D)
  3 goblins (D)
  A leopard gecko skeleton (D)
82 creatures vanquished.

Vanquished Creatures (others)
  A two-headed ogre (D)
  A blink frog (D)
2 creatures vanquished.

Grand Total: 84 creatures vanquished

Notes
Turn   | Place    | Note
-------+----------+-------------------------------------------
     0 | D        | potatolord6000 the Demigod Fighter began the quest for the Orb.
     0 | D        | Reached XP level 1. HP: 18/18 MP: 3/3
    77 | D        | Noticed a centaur
    77 | D        | Noticed an ogre
    77 | D        | Noticed a worker ant
    84 | D        | Killed a centaur
    84 | D        | Reached XP level 2. HP: 19/28 MP: 4/4
    84 | D        | Reached XP level 3. HP: 23/34 MP: 5/5
    84 | D        | Reached XP level 4. HP: 28/41 MP: 6/6
    94 | D        | Killed an ogre
    94 | D        | Reached skill level 5 in Fighting
    94 | D        | Reached skill level 5 in Long Blades
    94 | D        | Reached skill level 5 in Armour
    94 | D        | Reached skill level 5 in Shields
    94 | D        | Reached XP level 5. HP: 30/50 MP: 7/7
   111 | D        | Found a roughly hewn altar of Beogh.
   111 | D        | Found a snail-covered altar of Cheibriados.
   111 | D        | Found a shadowy altar of Dithmenos.
   111 | D        | Found a white marble altar of Elyvilon.
   111 | D        | Found a blossoming altar of Fedhas.
   111 | D        | Found an opulent altar of Gozag.
   112 | D        | Found a hazy altar of Hepliaklqana.
   113 | D        | Found a viscous altar of Jiyva.
   114 | D        | Found an ancient bone altar of Kikubaaqudgha.
   115 | D        | Found a corrupted altar of Lugonu.
   116 | D        | Found a burning altar of Makhleb.
   117 | D        | Found a sparkling altar of Nemelex Xobeh.
   118 | D        | Found an iron altar of Okawaru.
   119 | D        | Found a stormy altar of Qazlal.
   120 | D        | Found a sacrificial altar of Ru.
   121 | D        | Found a deep blue altar of Sif Muna.
   122 | D        | Found a bloodstained altar of Trog.
   123 | D        | Found a hide-covered altar of Uskayaw.
   124 | D        | Found a radiant altar of Vehumet.
   126 | D        | Found a shimmering altar of Xom.
   127 | D        | Found a basalt altar of Yredelemnul.
   128 | D        | Found a glowing silver altar of Zin.
   129 | D        | Found a glowing golden altar of the Shining One.
   147 | D        | Got the +2 scimitar "Qumoag" {vamp, Int+4}
   249 | D        | Noticed an orc warrior
   249 | D        | Noticed an orc warrior
   249 | D        | Noticed a centaur
   258 | D        | Killed an orc warrior
   258 | D        | Reached XP level 6. HP: 58/58 MP: 8/8
   279 | D        | Noticed a manticore
   279 | D        | Noticed a two-headed ogre
   279 | D        | Noticed a cyclops
   279 | D        | Noticed a shadow
   288 | D        | Killed a manticore
   288 | D        | Reached XP level 7. HP: 36/69 MP: 9/9
   296 | D        | Killed a two-headed ogre
   296 | D        | Reached XP level 8. HP: 53/78 MP: 10/10
   301 | D        | Killed a cyclops
   515 | D        | Noticed a blink frog
   515 | D        | Noticed a rime drake
   521 | D        | Killed a blink frog
   521 | D        | Reached skill level 10 in Fighting
   521 | D        | Reached skill level 10 in Shields
   528 | D        | Noticed a blink frog
   532 | D        | Killed a rime drake
   532 | D        | Reached skill level 10 in Long Blades
   532 | D        | Reached skill level 10 in Armour
   532 | D        | Reached XP level 9. HP: 84/85 MP: 11/11
   647 | D        | Noticed a rime drake
   660 | D        | Killed a rime drake
   669 | D        | Noticed an elephant
   669 | D        | Noticed an elephant
   669 | D        | Noticed an elephant
   669 | D        | Noticed an elephant
   669 | D        | Noticed a dire elephant
   669 | D        | Noticed an elephant
   681 | D        | Noticed a dire elephant
   681 | D        | Killed an elephant
   682 | D        | Noticed an elephant
   694 | D        | Killed a dire elephant
   694 | D        | Reached XP level 10. HP: 58/97 MP: 13/13
   704 | D        | Killed an elephant
   715 | D        | Killed a dire elephant
   722 | D        | Killed an elephant
   728 | D        | Killed an elephant
   732 | D        | Killed an elephant
   737 | D        | Killed an elephant
   777 | D        | Gained mutation: You possess an exceptional clarity of mind. [potion of mutation]
   777 | D        | Gained mutation: You are partially covered in rugged brown scales. (AC +1, +3% HP) [potion of mutation]
   857 | D        | Noticed Josephine
   864 | D        | Noticed Psyche
   873 | D        | Killed Josephine
   902 | D        | Reached XP level 11. HP: 69/109 MP: 14/14
   911 | D        | Killed Psyche
   921 | D        | Noticed Sonja
   960 | D        | HP: 5/109 [poisoned by Sonja]
  1518 | D        | Noticed an orc high priest
  1536 | D        | Noticed an orc knight
  1544 | D        | Noticed a sun demon
  1550 | D        | Killed an orc high priest
  1557 | D        | Killed an orc knight
  1588 | D        | Found Igayhud's Book Emporium.
  1588 | D        | Noticed an orc knight
  1588 | D        | Noticed an orc high priest
  1590 | D        | Noticed an orc high priest
  1596 | D        | Killed an orc knight
  1599 | D        | Noticed a soul eater
  1629 | D        | Killed an orc high priest
  1634 | D        | Noticed a soul eater
  1637 | D        | Found Pusu's Food Shoppe.
  1642 | D        | Killed from afar by a smoke demon

Skill      XL: |  1  2  3  4  5  6  7  8  9 10 11 |
---------------+----------------------------------+-----
Fighting       | 4 5 6 8 9 10 11 12 13 | 13.7
Long Blades    | 4 5 6 8 10 11 12 13 | 13.6
Armour         | 4 5 6 8 9 10 11 12 13 | 13.7
Shields        | 4 5 6 8 9 10 11 12 13 | 13.8

Action                   |  1- 3 |  4- 6 |  7- 9 | 10-12 || total
-------------------------+-------+-------+-------+-------++-------
Melee: Long sword        |    21 |    20 |       |       ||    41
       Scimitar          |       |    28 |   149 |   276 ||   453
  Use: Potion            |     2 |     1 |     2 |    13 ||    18
       Scroll            |       |       |     2 |     2 ||     4
 Stab: Invisible         |       |       |     3 |       ||     3
  Eat: Bread ration      |       |     1 |       |       ||     1
       Meat ration       |       |       |       |     2 ||     2
Armor: Scale mail        |     7 |       |       |       ||     7
       Plate armour      |       |    14 |    52 |    79 ||   145
Dodge: Dodged            |     8 |     9 |    20 |    29 ||    66
Block: Shield            |     7 |    29 |    89 |   146 ||   271
       Rpst.: Long sword |     1 |     1 |       |       ||     2
       Scimitar          |       |     1 |     3 |     4 ||     8
